 Dungeon Crawl Stone Soup version 0.23.2-1-ga50397a6bc (webtiles) character file.

Game seed: 11049366552939418595

516 Norn the Skirmisher (level 7, 0/112 HPs)
             Began as an Ogre Monk on Apr 19, 2019.
             Slain by a centaur (4 damage)
             ... on level 5 of the Dungeon.
             The game lasted 00:13:36 (6741 turns).

Norn the Skirmisher (Ogre Monk)                     Turns: 6741, Time: 00:13:36

Health: 0/112      AC: 23    Str: 16    XL:     7   Next: 20%
Magic:  7/7        EV:  1    Int: 13    God:
Gold:   200        SH:  0    Dex: 11    Spells: 6/6 levels left

rFire    . . .     SeeInvis .   a - +0 mace
rCold    . . .     Gourm    .   (no shield)
rNeg     + + +     Faith    .   (armour currently unavailable)
rPois    +         Spirit   .   (helmet currently unavailable)
rElec    .         Reflect  .   (cloak currently unavailable)
rCorr    .         Harm     .   (gloves unavailable)
MR       .....     NoTele   +   (boots unavailable)
Stlth    ++........             (no amulet)
HPRegen  0.28/turn              (no ring)
MPRegen  0.10/turn              (no ring)

@: tree-form
A: large, unfitting armour
a: no special abilities


You were on level 5 of the Dungeon.
You were very hungry.
You were a tree.
You visited 1 branch of the dungeon, and saw 5 of its levels.

You collected 200 gold pieces.

Inventory:

Hand Weapons
 a - a +0 mace (weapon)
 r - a +1 dagger of venom
   (You took it off a goblin on level 3 of the Dungeon)
Missiles
 k - 2 tomahawks (quivered)
 m - 147 stones
Armour
 v - a +0 robe of fire resistance (melded)
   (You took it off an orc wizard on level 4 of the Dungeon)
Jewellery
 i - a cursed ring of attention {unknown}
   (You found it on level 1 of the Dungeon)
 j - a +4 ring of intelligence {unknown}
   (You found it on level 2 of the Dungeon)
 s - an uncursed amulet of guardian spirit {unknown}
   (You found it on level 3 of the Dungeon)
Scrolls
 d - 3 scrolls of teleportation {@r4}
 h - a scroll of fear {unknown}
 l - 2 scrolls of remove curse {unknown}
 n - a scroll of enchant weapon {unknown}
 t - a scroll of identify {@r1}
Potions
 b - a potion of ambrosia {unknown}
 f - a potion of agility
 g - a potion of invisibility
 o - a potion of lignification {!q}
 p - a potion of berserk rage
 q - a potion of brilliance {unknown}
Comestibles
 e - 3 rations {!d}


   Skills:
 + Level 6.2 Fighting
 * Level 5.5 Maces & Flails
 + Level 3.3 Throwing
 - Level 2.6 Dodging
 - Level 1.4 Stealth


You had 6 spell levels left.
You didn't know any spells.
Your spell library was empty.

Dungeon Overview and Level Annotations

Branches:
Dungeon (5/15)
 Temple: D:4-7

Altars:
Ashenzari
Elyvilon
Ru

Annotations:
D:4 3 runed translucent doors, Cykl0x's ghost, novice DsFi


Innate Abilities, Weirdness & Mutations

You are too large for most types of armour.
((You have tough skin. (AC +1)))


Message History

Things that are here:
an arrow; 3 chunks of flesh; a hound skeleton The centaur shoots an arrow.
The arrow barely misses you.
The centaur shoots an arrow.
The arrow hits you!
You see here an arrow.
The centaur shoots an arrow.
The arrow hits you.
* * * LOW HITPOINT WARNING * * *
You see here an arrow.
The centaur shoots an arrow.
The arrow hits you.
* * * LOW HITPOINT WARNING * * *
You see here an arrow.
The centaur unwields a +0 shortbow.
The centaur barely misses you. The centaur hits you.
* * * LOW HITPOINT WARNING * * *
Found 19 gold pieces, 20 stones and a ration.
You hit the centaur.
The centaur is poisoned.
The centaur hits you.
* * * LOW HITPOINT WARNING * * *
You hit the centaur.
The centaur looks even sicker.
The centaur closely misses you. The centaur hits you.
* * * LOW HITPOINT WARNING * * *
You hit the centaur. The centaur hits you!
* * * LOW HITPOINT WARNING * * *
You completely miss the centaur. The centaur closely misses you.
The centaur hits you.
* * * LOW HITPOINT WARNING * * *
Here: a centaur (heavily wounded, poisoned)
The floor.
You barely miss the centaur. The centaur hits you!
* * * LOW HITPOINT WARNING * * *
You feel better. The centaur barely misses you. The centaur closely misses you.
You barely miss the centaur. The centaur hits you.
* * * LOW HITPOINT WARNING * * *
You feel better. The centaur closely misses you. The centaur hits you!
* * * LOW HITPOINT WARNING * * *
You aren't carrying any items that you can evoke.
Unknown command.
Wield which item (- for none, * to show all)? (? for menu, Esc to quit)
Your +1 dagger of venom stops dripping with poison.
a - a +0 mace (weapon)
The centaur hits you.
* * * LOW HITPOINT WARNING * * *
It was a potion of lignification.
You turn into a tree.
Your +0 robe of fire resistance melds into your body.
You feel less resistant to fire.
Your roots penetrate the ground.
The centaur hits you.
* * * LOW HITPOINT WARNING * * *
You barely miss the centaur.
The centaur hits you but does no damage.
The centaur hits you.
You die...

.... . .... .# ...#.. %
#..#. #.# #... (..# #..
$.... #####.#####......
#..(.((((♣c.##.
...$###.#####....# #
#.#####.#.##
####.#.....#.#
#......###..<###
###.##.##....#...#
##...##....######.#
.........#### #.#
...........<#####.#####.


You could see a centaur.

Vanquished Creatures
  A scorpion (D:2)
  5 hounds
  An orc wizard (D:4)
  Terence (D:3)
  Natasha (thrice) (D:2)
  8 gnolls
  4 adders
  2 worms
  A dart slug (D:1)
  5 orcs
  A ball python (D:3)
  2 giant cockroaches
  9 goblins
  7 hobgoblins
  9 kobolds
  A quokka (D:4)
  6 bats
  5 frilled lizards
  A jackal skeleton (D:4)
  6 rats
78 creatures vanquished.

Vanquished Creatures (others)
  A quokka (D:2)
1 creature vanquished.

Grand Total: 79 creatures vanquished

Notes
Turn   | Place    | Note
-------+----------+-------------------------------------------
     0 | D:1      | Norn the Ogre Monk began the quest for the Orb.
     0 | D:1      | Reached XP level 1. HP: 24/24 MP: 1/1
   135 | D:1      | Reached XP level 2. HP: 32/32 MP: 2/2
   783 | D:2      | Found a white marble altar of Elyvilon.
   826 | D:2      | Reached skill level 1 in Throwing
   835 | D:2      | Reached XP level 3. HP: 30/40 MP: 3/3
  1106 | D:2      | Found a shattered altar of Ashenzari.
  1204 | D:2      | Reached XP level 4. HP: 26/49 MP: 4/4
  1808 | D:3      | Noticed Terence
  1851 | D:3      | Noticed Natasha
  2096 | D:2      | Reached skill level 5 in Fighting
  2132 | D:2      | Killed Natasha
  2132 | D:2      | Reached XP level 5. HP: 34/57 MP: 5/5
  2390 | D:2      | Found a white marble altar of Elyvilon.
  2438 | D:2      | Noticed Natasha
  2445 | D:2      | Killed Natasha
  2561 | D:2      | Found a white marble altar of Elyvilon.
  2589 | D:2      | Noticed Natasha
  2612 | D:2      | Killed Natasha
  3556 | D:3      | Reached XP level 6. HP: 46/66 MP: 6/6
  5356 | D:3      | Killed Terence
  5422 | D:3      | Reached skill level 5 in Maces & Flails
  5959 | D:4      | Reached skill level 6 in Fighting
  6183 | D:4      | Reached XP level 7. HP: 63/75 MP: 7/7
  6470 | D:4      | Found a runed translucent gate.
  6470 | D:4      | Found a runed translucent gate.
  6470 | D:4      | Found a runed translucent gate.
  6470 | D:4      | Noticed Cykl0x's ghost (novice DsFi)
  6668 | D:4      | Found a sacrificial altar of Ru.
  6692 | D:5      | Entered Level 5 of the Dungeon
  6704 | D:5      | Found a shattered altar of Ashenzari.
  6740 | D:5      | HP: 4/112 [centaur (5)]
  6741 | D:5      | Slain by a centaur

Skill      XL: |  1  2  3  4  5  6 |
---------------+-------------------+-----
Maces & Flails | 3 4 5 |  5.5
Throwing       | 1 2 3 |  3.3
Fighting       | 5 6 |  6.2
Dodging        | |  2.6
Stealth        | |  1.4

Action                   |  1- 3 |  4- 6 |  7- 9 || total
-------------------------+-------+-------+-------++-------
Melee: Mace              |    72 |   206 |     1 ||   279
       Dagger            |       |    44 |    33 ||    77
Throw: Tomahawk          |     2 |     2 |       ||     4
       Stone             |       |     5 |       ||     5
  Use: Scroll            |       |     5 |       ||     5
       Potion            |       |     1 |     3 ||     4
 Stab: Sleeping          |     1 |     4 |       ||     5
  Eat: Chunk             |       |    13 |     1 ||    14
       Ration            |       |     1 |       ||     1
Armor: Robe              |    27 |    41 |     4 ||    72
       Skin              |       |       |     1 ||     1
Dodge: Dodged            |    32 |   181 |    21 ||   234
